 Dungeon Sprint DCSS version 0.21-a0-265-gb353147 (webtiles) character file.

421 Kidiri the Basher (level 6, 0/61 HPs)
             Began as a Hill Orc Monk on Sept 12, 2017.
             Was a Priest of Beogh.
             Slain by a red ugly thing (17 damage)
             ... in the Dungeon (Sprint IX: "|||||||||||||||||||||||||||||").
             The game lasted 00:02:00 (507 turns).

Kidiri the Basher (Hill Orc Monk)                    Turns: 507, Time: 00:02:01

Health: 0/61       AC: 14    Str: 15    XL:     6   Next: 94%
Magic:  6/6        EV:  8    Int: 13    God:    Beogh [***...]
Gold:   0          SH:  0    Dex: 17    Spells: 5/5 levels left

rFire    . . .     SeeInvis .   a - +2 morningstar (crush)
rCold    . . .     Gourm    .   (no shield)
rNeg     . . .     Faith    .   q - +0 plate armour
rPois    .         Spirit   .   (no helmet)
rElec    .         Reflect  .   (no cloak)
rCorr    .         Harm     .   (no gloves)
MR       .....     NoTele   +   o - +0 pair of boots
Stlth    ..........             (no amulet)
HPRegen  0.20/turn              r - +3 ring of dexterity
MPRegen  0.10/turn              s - +3 ring of intelligence

@: no status effects
A: no striking features
a: Smiting, Renounce Religion


You were in the Dungeon.
You worshipped Beogh.
Beogh was most pleased with you.
You were not hungry.

You visited 1 branch

Inventory:

Hand Weapons
 a - a +2 morningstar of crushing (weapon)
Armour
 b - a +0 robe
 o - a +0 pair of boots (worn)
 q - a +0 plate armour (worn)
Jewellery
 r - a +3 ring of dexterity (left hand)
 s - a +3 ring of intelligence (right hand)
Wands
 n - a wand of acid (7/15)
Scrolls
 i - 2 scrolls of blinking
 l - 3 scrolls of remove curse
 m - 2 scrolls of amnesia
Potions
 d - a potion of invisibility
 e - 2 potions of heal wounds
 f - a potion of haste
 g - 4 potions of magic
 k - 4 potions of curing
Comestibles
 c - a bread ration
 h - 11 chunks of flesh


   Skills:
 + Level 7.8 Fighting
 * Level 9.7 Maces & Flails
 + Level 6.1 Armour
 * Level 7.4 Dodging
 - Level 1.5 Stealth


You had 5 spell levels left.
You didn't know any spells.

Dungeon Overview and Level Annotations

Branches:
Dungeon (1/1)

Altars:
Cheibriados
Dithmenos
Elyvilon
Fedhas
Gozag
Hepliaklqana
Kikubaaqudgha
Makhleb
Nemelex Xobeh
Okawaru
Qazlal
Ru
Sif Muna
Trog
Uskayaw
Vehumet
Wu Jian
Xom
Yredelemnul
Zin
The Shining One
Beogh
Jiyva
Lugonu


Message History

Unknown command.
You hit the red ugly thing.
The red ugly thing is lightly wounded.
The red ugly thing pecks you but does no damage.
Unknown command.
You closely miss the red ugly thing.
The red ugly thing is lightly wounded.
The red ugly thing completely misses you.
Unknown command.
You hit the red ugly thing.
The red ugly thing is moderately wounded.
The kobold demonologist looks braver for a moment.
The red ugly thing pecks you!
You are engulfed in flames!!
Unknown command.
You barely miss the red ugly thing.
The red ugly thing is moderately wounded.
The red ugly thing pecks you!
* * * LOW HITPOINT WARNING * * *
You are engulfed in flames!
You die...

▓5▓
▓Y▓
▓K▓
▓H▓
▓K▓
▓l▓
▓u▓
▓@▓
▓.▓
▓.▓
▓.▓
▓÷▓
▓÷▓
▓'▓
▓.▓
▓.▓


You could see a red ugly thing, a hippogriff, a kobold demonologist, a yak, a
wyvern, a big kobold and an ufetubus.

Vanquished Creatures
  2 yaks (D)
  A howler monkey (D)
  A crimson imp (D)
  An iguana (D)
  An ooze (D)
  An adder skeleton (D)
  A dart slug (D)
  An orc (D)
  A goblin (D)
  A jackal (D)
  A quokka (D)
  A frilled lizard (D)
  A quokka zombie (D)
  2 rats (D)
16 creatures vanquished.

Notes
Turn   | Place    | Note
-------+----------+-------------------------------------------
     0 | D        | Kidiri the Hill Orc Monk began the quest for the Orb.
     0 | D        | Reached XP level 1. HP: 19/19 MP: 1/1
     8 | D        | Reached skill level 4 in Maces & Flails
     8 | D        | Reached skill level 1 in Armour
   102 | D        | Reached XP level 2. HP: 15/27 MP: 2/2
   124 | D        | Found a roughly hewn altar of Beogh.
   124 | D        | Found a snail-covered altar of Cheibriados.
   124 | D        | Found a shadowy altar of Dithmenos.
   124 | D        | Found a white marble altar of Elyvilon.
   124 | D        | Found a blossoming altar of Fedhas.
   124 | D        | Found an opulent altar of Gozag.
   125 | D        | Found a hazy altar of Hepliaklqana.
   126 | D        | Found a viscous altar of Jiyva.
   127 | D        | Became a worshipper of Beogh the Brigand
   127 | D        | Reached * piety under Beogh
   127 | D        | Reached ** piety under Beogh
   128 | D        | Found an ancient bone altar of Kikubaaqudgha.
   129 | D        | Found a corrupted altar of Lugonu.
   130 | D        | Found a burning altar of Makhleb.
   131 | D        | Found a sparkling altar of Nemelex Xobeh.
   132 | D        | Found an iron altar of Okawaru.
   133 | D        | Found a stormy altar of Qazlal.
   134 | D        | Found a sacrificial altar of Ru.
   135 | D        | Found a deep blue altar of Sif Muna.
   136 | D        | Found a bloodstained altar of Trog.
   137 | D        | Found a hide-covered altar of Uskayaw.
   138 | D        | Found a radiant altar of Vehumet.
   139 | D        | Found an ornate altar of the Wu Jian Council.
   140 | D        | Found a shimmering altar of Xom.
   141 | D        | Found a basalt altar of Yredelemnul.
   142 | D        | Found a glowing silver altar of Zin.
   143 | D        | Found a glowing golden altar of the Shining One.
   291 | D        | Noticed a howler monkey
   291 | D        | Noticed a crimson imp
   291 | D        | Noticed a yak
   291 | D        | Noticed a yak
   301 | D        | Killed a crimson imp
   301 | D        | Reached skill level 5 in Fighting
   301 | D        | Reached skill level 5 in Maces & Flails
   301 | D        | Reached XP level 3. HP: 33/36 MP: 3/3
   304 | D        | Killed a yak
   304 | D        | Reached skill level 8 in Maces & Flails
   304 | D        | Reached XP level 4. HP: 28/45 MP: 4/4
   304 | D        | Reached XP level 5. HP: 32/51 MP: 5/5
   307 | D        | Killed a yak
   307 | D        | Reached skill level 9 in Maces & Flails
   307 | D        | Reached skill level 5 in Armour
   307 | D        | Reached XP level 6. HP: 38/60 MP: 6/6
   309 | D        | Reached *** piety under Beogh
   500 | D        | Noticed a yak
   500 | D        | Noticed a kobold demonologist
   500 | D        | Noticed a hippogriff
   500 | D        | Noticed a red ugly thing
   500 | D        | Noticed a wyvern
   507 | D        | Slain by a red ugly thing

Vault maps used:
D:        linesprint

Skill      XL: |  1  2  3  4  5  6 |
---------------+-------------------+-----
Maces & Flails | 4 5 8 9 |  9.7
Armour         | 1 2 4 5 6 |  6.1
Fighting       | 4 5 6 7 |  7.8
Dodging        | 3 4 6 7 |  7.4
Stealth        | |  1.5

Action                   |  1- 3 |  4- 6 || total
-------------------------+-------+-------++-------
Melee: Mace              |    41 |       ||    41
       Morningstar       |    10 |    18 ||    28
  Use: Potion            |     3 |       ||     3
Armor: Robe              |     9 |       ||     9
       Plate armour      |       |     3 ||     3
Dodge: Dodged            |    30 |     6 ||    36

Table legend:
 A = Spawn XP
 B = Non-spawn XP
 C = Spawn XP percentage of total XP
 D = Spawn monster count
 E = Non-spawn monster count
 F = Spawn count percentage of total count
 G = Total turns spent on level
                    A         B        C        D         E        F      G
               +---------+---------+-------+---------+---------+-------+---------
         Total |       0 |     602 |   0.0 |       0 |      16 |   0.0 |   507
               +---------+---------+-------+---------+---------+-------+---------
             D |       0 |     602 |   0.0 |       0 |      16 |   0.0 |   507
               +---------+---------+-------+---------+---------+-------+---------
